 Dungeon Crawl Stone Soup version 0.30-a0-743-gbfdf073431 (webtiles) character file.

Game seed: 17488598321584721372

5194 DeathSun the Martial Artist (level 10, 0/72 HPs)
             Began as a Demonspawn Transmuter on Feb 6, 2023.
             Was a Priest of Cheibriados.
             Slain by a hellwing (8 damage)
             ... on level 8 of the Dungeon.
             The game lasted 00:25:02 (6826 turns).

DeathSun the Martial Artist (Demonspawn Transmuter) Turns: 6826, Time: 00:25:03

Health: 0/72       AC:  4    Str: 22    XL:     10   Next: 34%
Magic:  3/15       EV: 12    Int: 22    God:    Cheibriados [***...]
Gold:   485        SH:  0    Dex: 23    Spells: 3/13 levels left

rFire   . . .      SeeInvis +      - Unarmed
rCold   . . .      Faith    .    (no shield)
rNeg    . . .      Spirit   .    a - +0 robe
rPois   .          Reflect  .    (helmet restricted)
rElec   .          Harm     .    n - +1 cloak
rCorr   .          Rampage  .    (no gloves)
Will    .....                    (no boots)
Stlth   ++                       d - amulet of regeneration
HPRegen 2.12/turn                b - ring of see invisible
MPRegen 0.14/turn                (no ring)

@: hasted
A: antennae 2, powered by death 2, demonic touch 1
a: Renounce Religion, Bend Time, Temporal Distortion


You were on level 8 of the Dungeon.
You worshipped Cheibriados.
Cheibriados was most pleased with you.
You visited 1 branch of the dungeon, and saw 8 of its levels.
You also visited: Bailey.

You collected 485 gold pieces.

Inventory:

Armour
 a - a +0 robe (worn)
 g - a +0 ring mail
 n - a +1 cloak (worn)
 o - a +0 plate armour
Jewellery
 b - a ring of see invisible (left hand)
 d - an amulet of regeneration (around neck)
 e - a ring of protection from fire
Scrolls
 h - a scroll of amnesia
 i - 6 scrolls of teleportation
 l - a scroll of noise
 m - 4 scrolls of fog
 q - 2 scrolls of silence
 w - a scroll of butterflies {unknown}
 y - a scroll of immolation {unknown}
Potions
 c - a potion of berserk rage
 j - a potion of curing
 k - a potion of attraction {unknown}
 p - a potion of cancellation {unknown}
 r - 5 potions of mutation
 t - a potion of degeneration {unknown}
 u - 3 potions of flight
 z - a potion of ambrosia {unknown}


   Skills:
 + Level 4.3 Fighting
 - Level 1.7 Dodging
 * Level 10.6 Unarmed Combat
 - Level 2.0 Spellcasting
 * Level 6.3 Transmutations
 + Level 3.9 Poison Magic
 - Level 7.3 Invocations


You had 3 spell levels left.
You knew the following spells:

 Your Spells              Type           Power      Damage    Failure   Level
a - Beastly Appendage     Tmut           60%        N/A       1%          1
b - Wereblood             Tmut           30%        N/A       1%          2
c - Blade Hands           Tmut           15%        N/A       28%         5
d - Poisonous Vapours     Pois/Air       20%        N/A       10%         2

Your spell library contained the following spells:

 Spells                   Type           Power      Damage    Failure   Level
 Sting                    Tmut/Pois      96%        1d7       1%          1
 Spider Form              Tmut/Pois      24%        N/A       4%          3
 Necrotise                Necr           8%         1d4       14%         1
 Shock                    Conj/Air       8%         1d3       14%         1
 Static Discharge         Conj/Air       4%         2-3/arc   21%         2
 Dazzling Flash           Conj/Hex       4%         N/A       38%         3
 Swiftness                Air            2%         N/A       38%         3
 Vampiric Draining        Necr           2%         2d6       38%         3
 Vhi's Electric Charge    Tloc/Air       4%         N/A       38%         3
 Olgreb's Toxic Radiance  Pois           19%        N/A       26%         4
 Ice Form                 Ice/Tmut       16%        N/A       36%         4
 Airstrike                Air            1%         2d(1-17)  80%         4
 Animate Armour           Summ/Erth      4%         N/A       80%         4
 Agony                    Necr           2%         N/A       98%         5
 Arcjolt                  Conj/Air       1%         1d11      98%         5
 Lightning Bolt           Conj/Air       1%         1d12      98%         5
 Silence                  Hex/Air        1%         N/A       98%         5
 Iron Shot                Conj/Erth      1%         9d1       100%        6


Dungeon Overview and Level Annotations

Branches:
Dungeon (8/15)             Temple (0/1) D:7          Bailey (visited)
   Lair: D:8-11

Altars:
Cheibriados
Gozag
Hepliaklqana
Kikubaaqudgha
Nemelex Xobeh
Ru
Trog
Yredelemnul


Innate Abilities, Weirdness & Mutations

You have a pair of antennae on your head.
You regenerate health from kills.
Your touch may inflict minor irresistible damage on your foes.


Message History

* * * LOW HITPOINT WARNING * * *
You hit the hellwing.
You claw the hellwing, but do no damage.
The hellwing is severely wounded.
The centaur warrior skeleton hits you!
* * * LOW HITPOINT WARNING * * *
The centaur warrior skeleton kicks you but does no damage.
The hellwing hits you.
* * * LOW HITPOINT WARNING * * *
The hellwing hits you but does no damage.
You feel better. The redback zombie bites you!
* * * LOW HITPOINT WARNING * * *
You feel better. The centaur warrior skeleton hits you.
* * * LOW HITPOINT WARNING * * *
The centaur warrior skeleton kicks you but does no damage.
The redback zombie misses you. The hellwing hits you.
* * * LOW HITPOINT WARNING * * *
The hellwing barely misses you.
Okay, then.
Okay, then.
As you read the scroll labelled HIKUN OROIDOXT, it crumbles to dust.
It is a scroll of enchant weapon.
You aren't carrying any weapons that can be enchanted.
Your talons disappear.
Your primal bloodlust has ended.
The centaur warrior skeleton closely misses you.
The centaur warrior skeleton kicks you.
* * * LOW HITPOINT WARNING * * *
The redback zombie bites you.
* * * LOW HITPOINT WARNING * * *
Okay, then.
Casting: Beastly Appendage (safe; 1% risk of failure)
Confirm with . or Enter, or press ? or * to list all spells.
You don't have enough magic to cast this spell.
Okay, then.
This is a scroll of acquirement!
Something appears at your feet! The centaur warrior skeleton hits you.
* * * LOW HITPOINT WARNING * * *
The centaur warrior skeleton completely misses you.
The hellwing hits you!
You die...

............
...........#.## ..
..........##..## ...
..........##....#P.
..)......##..# ...
.)).......#..# #.#
.............###§#
.....[>......§#Z§#
#............§§4@#
#......#.....§§Z## .
##....#..≈≈≈≈≈§#§###....
###.....≈..)≈.†.....#
.......≈.∩>~..#.....#
...##...≈...≈.##.#...#
.### ##..≈≈≈≈≈.# .#....#
#........# .. ....
#.....###.... ...


You could see a hellwing, a redback zombie and a centaur warrior skeleton.

Vanquished Creatures
  2 two-headed ogres
  5 spriggans (Bailey)
  2 wyverns
  Eustachio (D:4)
  A steam dragon (Bailey)
  Menkaure (D:5)
  A water moccasin (D:5)
  7 ogres (Bailey)
  2 black bears
  A sky beast (D:6)
  A centaur (D:6)
  8 scorpions
  A necrophage (D:4)
  A gnoll sergeant (D:7)
  5 killer bees (D:8)
  2 orc priests
  A hound (D:5)
  3 jellies
  5 iguanas
  4 orc wizards
  Natasha (D:2)
  8 gnolls
  7 adders
  2 shadow imps (D:8)
  A white imp (D:7)
  An ufetubus (D:5)
  3 worms
  2 dart slugs
  16 orcs
  4 ball pythons
  8 bats
  10 endoplasms
  6 giant cockroaches
  12 goblins
  8 hobgoblins
  2 jackals (D:2)
  4 quokkas
  A frilled lizard (D:1)
  10 kobolds
  4 rats
  A spectral orc (D:4)
165 creatures vanquished.

Vanquished Creatures (others)
  A fungus (D:3)
  A plant (D:3)
  5 withered plants (D:8)
7 creatures vanquished.

Grand Total: 172 creatures vanquished

Notes
Turn   | Place    | Note
-------+----------+-------------------------------------------
     0 | D:1      | DeathSun the Demonspawn Transmuter began the quest for the
                  | Orb.
     0 | D:1      | Reached XP level 1. HP: 15/15 MP: 3/3
   143 | D:1      | Reached skill level 3 in Unarmed Combat
   177 | D:1      | Discovered your monstrous ancestry.
   177 | D:1      | Lost mutation: You have a pair of horns on your head.
                  | [demonic ancestry]
   177 | D:1      | Lost mutation: You have a pair of small horns on your head.
                  | [demonic ancestry]
   177 | D:1      | Gained mutation: You have a pair of small antennae on your
                  | head. [demonic ancestry]
   177 | D:1      | Reached XP level 2. HP: 16/21 MP: 3/5
   383 | D:1      | Learned a level 2 spell: Wereblood
   655 | D:1      | Reached XP level 3. HP: 7/26 MP: 6/6
  1487 | D:2      | Noticed Natasha
  1875 | D:3      | Reached skill level 4 in Unarmed Combat
  1882 | D:3      | Found a faded altar of an unknown god.
  1894 | D:3      | Identified the +3 leather armour "Johy" {Harm Rampage}
  1924 | D:3      | Prayed at the altar of an unknown god.
  1924 | D:3      | Became a worshipper of Cheibriados the Contemplative
  1924 | D:3      | Reached * piety under Cheibriados
  1949 | D:3      | Gained mutation: You regenerate a little health from kills.
                  | [demonic ancestry]
  1949 | D:3      | Reached XP level 4. HP: 26/32 MP: 5/7
  2345 | D:2      | Killed Natasha
  2346 | D:2      | Reached skill level 1 in Invocations
  2531 | D:3      | Reached ** piety under Cheibriados
  2548 | D:2      | Gained mutation: Your touch may inflict minor irresistible
                  | damage on your foes. [demonic ancestry]
  2548 | D:2      | Reached XP level 5. HP: 20/37 MP: 6/8
  3034 | D:4      | Noticed Eustachio
  3049 | D:4      | Killed Eustachio
  3050 | D:4      | Reached skill level 5 in Unarmed Combat
  3050 | D:4      | Reached XP level 6. HP: 39/43 MP: 9/9
  3205 | D:4      | Reached skill level 6 in Unarmed Combat
  3258 | D:4      | Gained mutation: You regenerate health from kills. [demonic
                  | ancestry]
  3258 | D:4      | Reached XP level 7. HP: 48/48 MP: 6/10
  3504 | D:4      | Reached *** piety under Cheibriados
  3621 | D:4      | Found a basalt altar of Yredelemnul.
  3657 | D:5      | Entered Level 5 of the Dungeon
  3881 | D:5      | Reached skill level 5 in Invocations
  3889 | D:5      | Found a hazy altar of Hepliaklqana.
  3926 | D:5      | Noticed Menkaure
  3927 | D:5      | Reached skill level 7 in Unarmed Combat
  3935 | D:5      | Killed Menkaure
  3936 | D:5      | Reached XP level 8. HP: 26/54 MP: 9/12
  4284 | D:5      | Reached skill level 8 in Unarmed Combat
  4571 | D:5      | Found an ancient bone altar of Kikubaaqudgha.
  4571 | D:5      | Found a faded altar of an unknown god.
  4579 | D:5      | Found a faded altar of an unknown god.
  4581 | D:5      | Found an opulent altar of Gozag.
  4583 | D:5      | Found a sacrificial altar of Ru.
  5018 | D:6      | Found a sparkling altar of Nemelex Xobeh.
  5047 | D:6      | Reached **** piety under Cheibriados
  5135 | D:6      | Reached skill level 9 in Unarmed Combat
  5195 | D:6      | Found a bloodstained altar of Trog.
  5509 | D:7      | Learned a level 5 spell: Blade Hands
  5512 | D:7      | Learned a level 2 spell: Poisonous Vapours
  5677 | D:7      | Reached XP level 9. HP: 30/61 MP: 4/14
  5678 | D:7      | Reached skill level 1 in Poison Magic
  5961 | D:7      | Found a staircase to the Ecumenical Temple.
  6011 | D:7      | Noticed a two-headed ogre
  6019 | D:7      | Killed a two-headed ogre
  6300 | D:8      | Found a flagged portal.
  6322 | Bailey   | Entered a bailey
  6370 | Bailey   | Reached skill level 5 in Transmutations
  6375 | Bailey   | Reached skill level 10 in Unarmed Combat
  6509 | Bailey   | Gained mutation: You have a pair of antennae on your head.
                  | [demonic ancestry]
  6509 | Bailey   | Reached XP level 10. HP: 17/71 MP: 11/15
  6557 | Bailey   | Noticed a two-headed ogre
  6616 | Bailey   | Killed a two-headed ogre
  6819 | D:8      | HP: 3/72 [redback zombie (5)]
  6826 | D:8      | Identified a scroll of acquirement
  6826 | D:8      | Acquired the ring of the Hare {EV+10}
  6826 | D:8      | Found the ring of the Hare {EV+10}
  6826 | D:8      | Slain by a hellwing

Illustrated notes

Levels and vault maps discovered:
D:1:      spicycebolla_arrival_risky_transporter, layout_basic
D:2:      layout_basic, st_stairs_11, uniq_natasha
D:3:      layout_rooms, shapermc_ecumenical_altar_mp_ritualfount,
          serial_bayou_lagoon_b
D:4:      layout_cave_pools, yredelemnul_forgotten_temple_becter, nrook_uturn,
          uniq_eustachio
D:5:      layout_basic, chequers_temple_overflow_minitemple,
          minmay_ruined_shrine, uniq_menkaure
D:6:      layout_loops_ring, kennysheep_little_box, lightli_temple_of_fire,
          dreamdust_princess_bridge, hangedman_decor_points
D:7:      layout_cave_pools, temple_green
D:8:      cheibrodos_grave_circle, layout_layer_cave, enter_bailey_5,
          serial_glass, glass_columns_a, glass_columns_c, glass_columns_b,
          glass_columns_a, glass_columns_b, glass_columns_a,
          minmay_strange_pillars, minmay_strange_pillars, uniq_grum

Skill      XL: |  1  2  3  4  5  6  7  8  9 10 |
---------------+-------------------------------+-----
Unarmed Combat | 3 4 5 6 7 9 10 | 10.6
Transmutations | 2 3 5 6 |  6.3
Invocations    | 1 3 4 5 7 |  7.3
Poison Magic   | 3 |  3.9
Fighting       | 3 4 |  4.3
Dodging        | |  1.7
Spellcasting   | |  2.0

Action                     |  1- 3 |  4- 6 |  7- 9 | 10-12 || total
---------------------------+-------+-------+-------+-------++-------
  Melee: Unarmed           |   133 |   114 |   183 |    24 ||   454
         Headbutt          |     2 |       |       |       ||     2
         Kick              |    15 |    31 |    55 |     4 ||   105
         Punch             |     1 |     4 |    12 |       ||    17
         Touch             |       |    13 |    30 |     6 ||    49
   Cast: Beastly Appendage |    25 |    21 |    30 |     1 ||    77
         Wereblood         |     1 |     2 |    19 |     1 ||    23
         Poisonous Vapours |       |       |    10 |       ||    10
 Invoke: Slouch            |       |       |     2 |     1 ||     3
         Bend Time         |       |       |     2 |       ||     2
         Temporal Distorti |       |       |       |     2 ||     2
  Evoke: Wand              |       |       |    10 |    15 ||    25
    Use: Scroll            |       |     3 |     5 |     4 ||    12
         Potion            |       |     1 |     1 |     6 ||     8
   Stab: Sleeping          |     2 |       |     2 |       ||     4
 Armour: Robe              |    22 |    26 |    28 |    14 ||    90
         Skin              |       |     3 |       |       ||     3
  Dodge: Dodged            |    82 |    79 |   126 |    41 ||   328

Table legend: (Time is in decaauts)
 A = Elapsed time spent in this place.
 B = Non-inter-level travel time spent in this place.
 C = Inter-level travel time spent in this place.
 D = Time resting spent in this place.
 E = Time spent auto-exploring this place.
 F = Levels seen in this place.
 G = Mean time per level.
                   A        B        C        D        E       F      G
               +--------+--------+--------+--------+--------+-----+--------+
         Total |   8945 |   8489 |    456 |      0 |   6652 |   9 |  993.9 |
       Dungeon |   8303 |   7847 |    456 |      0 |   6371 |   8 | 1037.9 |
        Bailey |    641 |    641 |      0 |      0 |    280 |   1 |  641.0 |
               +--------+--------+--------+--------+--------+-----+--------+

Top non-repeatable levels by time:
     D:5: 1539 daAuts
     D:1: 1352 daAuts
     D:6: 1225 daAuts
     D:2: 1135 daAuts
     D:7: 994 daAuts
     D:4: 944 daAuts
     D:3: 839 daAuts
  Bailey: 641 daAuts
     D:8: 272 daAuts
